[Event "*** Titled Tuesday Blitz"]
[Site "Chess.com"]
[Date "2020.05.26"]
[Round "10"]
[White "Joshukid"]
[Black "Msb2"]
[Result "1-0"]
[WhiteElo "2649"]
[BlackElo "2841"]
[TimeControl "180+1"]
[EndTime "12:03:43 PDT"]
[Termination "Joshukid won by resignation"]

1. d4 d5 2. Nc3 Nf6 3. Bf4 c5 4. e3 cxd4 5. exd4 a6 6. Nf3 Nc6 7. Ne5 Bd7 8. Be2 e6 9. O-O Qb6 10. Nxd7 Nxd7 11. Be3 Qxb2 12. Na4 Qa3 13. c4 dxc4 14.
Bxc4 b5 15. d5 Nce5 16. dxe6 fxe6 17. Bxe6 Rd8 18. Bxd7+ Nxd7 19. Re1 Be7 20. Qh5+ g6 21. Qf3 bxa4 22. Rad1 Rf8 23. Qc6 Rf6 24. Qe4 Kf7 25. Bg5 Qc5 26. Re2 Re8 27. Rxd7 Qxg5 28. Rxe7+ Rxe7 29. Qxe7+ Kg8 30. h4 Qc1+ 31. Kh2 Qf4+ 32. g3 Qf5 33. Qe8+ Kg7 34. Qe3 Qd7 35. Qc3 Qf7 36. Qc5 Kg8 37. Qc8+ Kg7 38. Qc5 Rf5 39. Qd4+ Kg8 40.
Qd8+ Kg7 41. Re7 Rxf2+ 42. Kh3 h5 43. Rxf7+ Rxf7 44. Qd4+ Rf6 45. Qxa4 Kf7 46. Qc4+ Re6 47. Qb3 Kf6 48. a4 Kf7 49. Qc4 Kf6 50. a5 Kf7 51. Kg2 Kf6 52. Kf3 Kf7 53. Kf4 Kf6 54. Qd4+ Kf7 55.
Kg5 Ke7 56. Qc5+ Kd7 57. Qd5+ Rd6 58. Qxd6+ Kxd6 59. Kxg6 Kc5 60. Kxh5 Kb5 61. g4 Kxa5 62. g5 Kb4 63. g6 a5 64. g7 a4 65. g8=Q a3 66.
Qa2 1-0

[Event "*** Titled Tuesday Blitz"]
[Site "Chess.com"]
[Date "2020.05.26"]
[Round "10"]
[White "Pavel_Mir"]
[Black "MartinMatthiesen"]
[Result "1-0"]
[WhiteElo "2254"]
[BlackElo "2366"]
[TimeControl "180+1"]
[EndTime "12:03:43 PDT"]
[Termination "Pavel_Mir won on time"]

1. e4 c5 2. Nf3 d6 3. d4 cxd4 4. Nxd4 Nf6 5. Nc3 a6 6. f4 e5 7. Nf3 Nbd7 8. Bc4 Be7 9. O-O O-O 10. Kh1 exf4 11. Bxf4 Nc5 12. e5 dxe5 13. Nxe5 Be6 14. Be3 Qc7 15. Bxe6 Qxe5 16. Bxc5 Bxc5 17. Bb3 Bd6 18. g3 Rad8 19. Qf3 Bb4 20. Rae1 Qc7 21. Re3 Rfe8 22. Nd5 Nxd5 23. Rxe8+ Rxe8 24. Bxd5 Re7 25. c3 Bd6 26. Qf5 g6 27. Qf6 Be5 28. Qf3 Kg7 29.
h4 Bxg3 30. h5 Be5 31. h6+ Kxh6 32. Bxf7 Kg7 33. Bb3 Re8 34. Qd5 Re7 35. Qg8+ Kh6 36. Qf8+ Bg7 37. Qf3 Qe5 38. Rf2 Qh5+ 39. Rh2 Qxh2+ 40.
Kxh2 Be5+ 41. Kg2 Kg7 42. Qd5 h5 43. Qg8+ Kh6 44. Qf8+ Rg7 45. Bg8 Kg5 46. Bf7 Bf6 47. Qe8 Kh6 48. Bd5 h4 49. Bxb7 Re7 50. Qf8+ 1-0

[Event "*** Titled Tuesday Blitz"]
[Site "Chess.com"]
[Date "2020.05.26"]
[Round "10"]
[White "AEMEffi"]
[Black "pfalcon1949"]
[Result "1-0"]
[WhiteElo "2310"]
[BlackElo "2066"]
[TimeControl "180+1"]
[EndTime "12:03:43 PDT"]
[Termination "AEMEffi won by checkmate"]

1. d4 Nf6 2. c4 e6 3. g3 Bb4+ 4. Bd2 Qe7 5. Bg2 O-O 6. Nc3 Nc6 7. Nf3 Na5 8. b3 b6 9. Ne5 Bb7 10. Bxb7 Nxb7 11. Nd3 Bxc3 12. Bxc3 Ne4 13. Bb2 f5 14. O-O Nbd6 15. f3 Nf6 16. Qd2 Rad8 17. Rae1 Nf7 18. e4 fxe4 19. fxe4 Ng4 20. Rf4 Qg5 21. Qe2 Nfh6 22.
Bc1 Qg6 23. Ref1 Rxf4 24. Bxf4 d6 25. Bxh6 Nxh6 26. Nf4 Qe8 27. d5 exd5 28. cxd5 Rd7 29. Ne6 Re7 30. Rf8+ Qxf8 31. Nxf8 Kxf8 32. Qa6 Nf7 33.
Qxa7 g6 34. Qb8+ Kg7 35. a4 Ne5 36. Kg2 Rf7 37. b4 Nd3 38. a5 Nxb4 39. axb6 cxb6 40. Qxd6 Nd3 41. Qxb6 h5 42. Qd4+ Kh6 43. Qxd3 Rd7 44.
e5 Rd8 45. e6 Re8 46. Qe3+ Kg7 47. d6 Ra8 48. d7 Ra2+ 49. Kh3 Ra8 50. Qd4+ Kh6 51.
d8=Q Rxd8 52. Qxd8 h4 53. Qh8+ Kg5 54. Qxh4+ Kf5 55.
Qg4+ Kf6 56. Kg2 g5 57. h4 gxh4 58. gxh4 Ke7 59. Qf5 Kd6 60. Kf3 Ke7 61. Ke4 Kd6 62. Kd4 Kc7 63. Kc5 Kb7 64. Qf7+ Ka6 65. Qe7 Ka5 66.
Qa7# 1-0

[Event "*** Titled Tuesday Blitz"]
[Site "Chess.com"]
[Date "2020.05.26"]
[Round "10"]
[White "ChessWarrior7197"]
[Black "Sibelephant"]
[Result "1-0"]
[WhiteElo "2944"]
[BlackElo "3162"]
[TimeControl "180+1"]
[EndTime "12:03:44 PDT"]
[Termination "ChessWarrior7197 won by resignation"]

1. e4 c6 2. d4 d5 3. e5 Bf5 4. Nf3 e6 5. Be2 Bg6 6. O-O Nh6 7. a4 Be7 8. a5 O-O 9. c3 c5 10. Bxh6 gxh6 11. Nbd2 Nc6 12. Qa4 Rc8 13. a6 b6 14.
Bb5 Qc7 15. Rfe1 cxd4 16. Rac1 d3 17. Qf4 Kg7 18. h4 h5 19. Re3 Bc5 20. Nd4 Ne7 21. Bxd3 Bxd4 22. Qxd4 Nc6 23. Qf4 f6 24. exf6+ Rxf6 25. Qg5 h6 26. Qg3 Qxg3 27. Rxg3 Ne5 28. Bxg6 Nxg6 29. Re1 Kf8 30. Nf3 Rc4 31. Nd4 e5 32. Nb5 Ra4 33. Nc7 d4 34. cxd4 Rxd4 35. Rc3 Nxh4 36.
Nb5 Rg4 37. Rg3 Rxg3 38. fxg3 Nf5 39. Rf1 Kg7 40. Nxa7 b5 41. Nxb5 Rxa6 42. Rxf5 Ra2 43. Rf2 Kg6 44. Nc3 Ra1+ 45. Rf1 Ra6 46. b4 Rc6 47.
Nd5 Rd6 48. Ne7+ Kg5 49. b5 Rb6 50. Rb1 e4 51. Nd5 Rb7 52. b6 Kf5 53. Ne3+ Ke5 54. Rb4 Kd6 55. Rxe4 1-0

[Event "*** Titled Tuesday Blitz"]
[Site "Chess.com"]
[Date "2020.05.26"]
[Round "10"]
[White "Khayala13"]
[Black "Grineva_Marianna"]
[Result "0-1"]
[WhiteElo "2309"]
[BlackElo "2162"]
[TimeControl "180+1"]
[EndTime "12:03:45 PDT"]
[Termination "Grineva_Marianna won on time"]

1. e4 d6 2. d4 Nf6 3. Nc3 g6 4. f4 Bg7 5. Nf3 c5 6. d5 O-O 7. Bd3 b5 8. Bxb5 Nxe4 9. Nxe4 Qa5+ 10. Ned2 Qxb5 11. c4 Qb7 12. O-O Bf5 13. Nb3 a5 14. a4 Qb4 15. Bd2 Qxc4 16. Nxa5 Qa6 17. Qc1 Nd7 18. Nc6 Rfe8 19. Re1 Bf6 20. Bc3 Kf8 21.
Bxf6 Nxf6 22. Qd2 Qc4 23. Nh4 Qxd5 24. Qxd5 Nxd5 25. Nxf5 gxf5 26. Red1 Nxf4 27. Rf1 Ne6 28. Rxf5 Rec8 29. Raf1 Rxc6 30. Rxf7+ Ke8 31. Rxh7 Rxa4 32. h4 Rb4 33. Rf2 c4 34. h5 Rc5 35. Rff7 Rb7 36. h6 Rh5 37. Rf2 Kd7 38. Rff7 Kc6 39. Rxe7 Rxe7 40.
Rxe7 Rxh6 41. Kf2 Rg6 42. g3 Nd4 43. Ke3 Kd5 44. Re8 Nb3 45. Rb8 Nc5 46. Kf4 Nd3+ 47.
Kf3 Kd4 48. g4 d5 49. Rb7 Ne5+ 50. Kf4 Rxg4+ 51. Kf5 Re4 52. Re7 Nd3 53. Rd7 Nxb2 54. Kf6 Nd3 55. Kf5 c3 0-1

[Event "*** Titled Tuesday Blitz"]
[Site "Chess.com"]
[Date "2020.05.26"]
[Round "10"]
[White "talman67"]
[Black "Volodar_Murzin"]
[Result "0-1"]
[WhiteElo "2573"]
[BlackElo "2718"]
[TimeControl "180+1"]
[EndTime "12:03:46 PDT"]
[Termination "Volodar_Murzin won on time"]

1. e4 c6 2. d4 d5 3. e5 Bf5 4. Nf3 e6 5. Be2 Ne7 6. O-O c5 7. c4 Nbc6 8. dxc5 dxc4 9. Bxc4 Ng6 10. Be3 Ngxe5 11. Nxe5 Qxd1 12. Rxd1 Nxe5 13. Bb5+ Nc6 14. Nc3 Rd8 15. b4 a6 16. Bxc6+ bxc6 17. Rxd8+ Kxd8 18. Rd1+ Ke8 19. Bf4 Be7 20. Rd2 f6 21. Bd6 e5 22. f3 Kf7 23. Bxe7 Kxe7 24. Rd6 Bd7 25. Na4 Rb8 26. Nb6 Be8 27. Rd2 Rd8 28. Rxd8 Kxd8 29.
Kf2 Bf7 30. a3 Bb3 31. Ke3 h5 32. h4 Ke7 33. Nc8+ Ke6 34. Nd6 Bd5 35. Ne8 Kf7 36.
Nd6+ Ke6 37. Ne8 Kf7 38. Nd6+ Kf8 39. g3 g6 40. f4 Ke7 41. fxe5 fxe5 42. Kd3 Ke6 43. Ke3 Kf6 44. Kd3 Ke7 45. Ke3 Ke6 46.
Kd3 Bg2 47. Ke3 Kd5 48. Kd3 Bf1+ 49. Ke3 Bg2 50. Kf2 Bh3 51. Ke3 Bf5 52. Nc8 Bxc8 0-1

[Event "*** Titled Tuesday Blitz"]
[Site "Chess.com"]
[Date "2020.05.26"]
[Round "10"]
[White "angryhorse9"]
[Black "DaggiGretarsson"]
[Result "1-0"]
[WhiteElo "2483"]
[BlackElo "2593"]
[TimeControl "180+1"]
[EndTime "12:03:46 PDT"]
[Termination "angryhorse9 won on time"]

1. e4 e5 2. Bc4 Nf6 3. d3 c6 4.
Nf3 Be7 5. O-O d6 6. Nbd2 O-O 7.
h3 h6 8. c3 Nbd7 9. Re1 b5 10.
Bb3 a5 11. Bc2 a4 12. Nf1 Re8 13. Ng3 Bf8 14. d4 g6 15. a3 Qc7 16. Nh2 Nb6 17.
Qf3 Qe7 18. Nhf1 Nh7 19. Ne3 Ng5 20. Qe2 Ne6 21. dxe5 dxe5 22. Qf3 Nf4 23. Ng4 h5 24. Nh2 Qf6 25. Kh1 Nc4 26. Nhf1 Bc5 27. Ne3 Be6 28. Nxc4 Bxc4 29. Be3 Bd6 30. Rad1 Rad8 31. Nf1 Qe7 32.
Nd2 Be6 33. Bxf4 exf4 34. e5 Bc7 35. Qxf4 Qc5 36. Ne4 Rxd1 37. Rxd1 Bxe5 38. Qh6 Qe7 39. Ng5 Bg7 40. Qh7+ Kf8 41. h4 Bd5 42. Bxg6 fxg6 43. Qxg6 Qe5 44. Qxh5 Qf4 45. f3 1-0

[Event "*** Titled Tuesday Blitz"]
[Site "Chess.com"]
[Date "2020.05.26"]
[Round "10"]
[White "MidnightFox"]
[Black "doctorcristian"]
[Result "1-0"]
[WhiteElo "2413"]
[BlackElo "2295"]
[TimeControl "180+1"]
[EndTime "12:03:46 PDT"]
[Termination "MidnightFox won on time"]

1. e4 c5 2. Nf3 Nc6 3. Bb5 d6 4. O-O Bg4 5. h3 Bh5 6. c3 Qb6 7. Be2 e6 8. Na3 Nf6 9. d3 Be7 10.
Nc4 Qc7 11. a4 O-O 12. Be3 d5 13. Ncd2 Rad8 14. Qc2 Ne5 15. Rfe1 Nxf3+ 16. Bxf3 Bxf3 17. Nxf3 dxe4 18. dxe4 Qc6 19. Bf4 c4 20. Nd4 Qc5 21. Be3 Qc8 22. a5 a6 23. Bg5 Rd7 24. Qe2 h6 25.
Bh4 Rfd8 26. Ra4 Rc7 27. Bg3 Rc5 28. Bh4 g5 29. Bg3 Rd7 30. Raa1 Bd8 31. e5 Nd5 32.
Qh5 Kg7 33. h4 Be7 34. Re4 Qe8 35. Rae1 Bd8 36. Rg4 Qh8 37. hxg5 hxg5 38. Rxg5+ Bxg5 39. Qxg5+ Kf8 40. Re4 Ke8 41. Rh4 Qf8 42. Rh5 Re7 43.
Qh4 Qg7 44. Rh8+ Kd7 45. Rb8 Rc7 46. Qe4 Qg6 47. Qe1 1-0

[Event "*** Titled Tuesday Blitz"]
[Site "Chess.com"]
[Date "2020.05.26"]
[Round "10"]
[White "ameetghasi100"]
[Black "MartinCerveny"]
[Result "1-0"]
[WhiteElo "2709"]
[BlackElo "2518"]
[TimeControl "180+1"]
[EndTime "12:03:47 PDT"]
[Termination "ameetghasi100 won by resignation"]

1. Nf3 d5 2. g3 Nf6 3. Bg2 g6 4. O-O Bg7 5. d3 O-O 6. c3 b6 7. Qa4 Bb7 8. Qh4 Re8 9. Bg5 Nbd7 10. e4 dxe4 11. Nfd2 Ne5 12. dxe4 Ba6 13. Rd1 Qd3 14. Na3 Bb7 15. Qf4 Nh5 16. Qe3 Qxe3 17. Bxe3 Rad8 18. h3 Nf6 19. Rab1 e6 20. f4 Nd3 21. Nac4 a5 22. Bd4 Nd7 23. e5 Bxg2 24. Kxg2 N3c5 25. b4 axb4 26.
cxb4 Na4 27. Ne4 Bf8 28. Rd3 Be7 29. Rbd1 Nb8 30. a3 Nc6 31. Ba1 Rxd3 32. Rxd3 Rd8 33. Rxd8+ Bxd8 34. Kf3 Be7 35. g4 b5 36. Ne3 Nb6 37. f5 gxf5 38. gxf5 Bh4 39. Ng4 exf5 40. Nh6+ Kf8 41. Nxf5 Be7 42. Ne3 Nc4 43. Nxc4 bxc4 44. Bc3 Ke8 45. Nd2 Na7 46. Nxc4 c5 47. Nd6+ Bxd6 48. exd6 Nb5 49. Be5 cxb4 50. axb4 Kd7 51. Ke4 Ke6 52. Bf4 f5+ 53. Kd3 Nxd6 54. Bxd6 Kxd6 55. Kd4 Kc6 56. Ke5 Kb5 57. Kxf5 Kxb4 58. Kf6 Kc5 59. Kg7 Kd6 60. Kxh7 Ke7 61. Kg7 1-0

[Event "*** Titled Tuesday Blitz"]
[Site "Chess.com"]
[Date "2020.05.26"]
[Round "10"]
[White "JoySpaceman"]
[Black "Julianos82"]
[Result "1-0"]
[WhiteElo "2481"]
[BlackElo "2300"]
[TimeControl "180+1"]
[EndTime "12:03:47 PDT"]
[Termination "JoySpaceman won by resignation"]

1. d4 d5 2. Nc3 c5 3. Nf3 Nc6 4. Bf4 a6 5. e3 e6 6. Be2 Nf6 7.
O-O Bd6 8. dxc5 Bxc5 9. Bg5 h6 10. Bh4 Be7 11. Bd3 b5 12. e4 d4 13. Ne2 e5 14.
Bg3 Nd7 15. a4 b4 16. c3 dxc3 17. bxc3 Nc5 18. Bc4 Qxd1 19. Rfxd1 Bg4 20. Bd5 Rc8 21.
Bxc6+ Rxc6 22. Nxe5 Bxe2 23. Nxc6 Bxd1 24. Rxd1 bxc3 25.
Nxe7 c2 26. Rc1 Kxe7 27. Rxc2 Rd8 28. f3 Nxa4 29. Rc7+ Rd7 30. Rc6 Ra7 31. Bb8 Ra8 32. Be5 f6 33. Bd4 Kd7 34. Rc4 Rc8 35. Rxa4 Rc1+ 36. Kf2 Rc2+ 37. Kg3 Rc6 38. h4 Ke6 39. Kf4 g5+ 40. hxg5 hxg5+ 41. Kg4 Kf7 42. g3 Ke6 43. f4 gxf4 44. gxf4 Rd6 45. f5+ Kf7 46. Kf4 Rc6 47. e5 fxe5+ 48. Kxe5 Ke7 49. Kd5 Rh6 50.
Bc5+ Kf7 51. Ke5 Rh1 52. Rxa6 Re1+ 53. Kd5 Re2 54. Bd4 Re1 55. Ra7+ Kf8 56. Be5 Rb1 57. Ke6 Rb6+ 58. Bd6+ Kg8 59. f6 Rb8 60. Bxb8 1-0

[Event "*** Titled Tuesday Blitz"]
[Site "Chess.com"]
[Date "2020.05.26"]
[Round "10"]
[White "LiamVrolijk"]
[Black "PKCLUB"]
[Result "0-1"]
[WhiteElo "2767"]
[BlackElo "2626"]
[TimeControl "180+1"]
[EndTime "12:03:48 PDT"]
[Termination "PKCLUB won by resignation"]

1. d4 Nf6 2. c4 e6 3. Nf3 Bb4+ 4. Bd2 a5 5. g3 d5 6. Bg2 c6 7. O-O Bd6 8. Nc3 Nbd7 9. b3 b6 10. Re1 O-O 11. e4 dxe4 12. Ng5 Bb7 13. Ngxe4 Nxe4 14. Nxe4 Be7 15. Bf4 Nf6 16. Nc3 Bb4 17. Qd3 a4 18. Red1 axb3 19. axb3 Qd7 20. Na4 Ra6 21.
c5 Nd5 22. Bxd5 Qxd5 23. Nxb6 Rxb6 24. cxb6 c5 25. f3 cxd4 26. Qe4 Qd7 27. Qe5 f6 28. Qxd4 Qxd4+ 29. Rxd4 Bc5 30. Be3 Bxd4 31. Bxd4 Bxf3 32. Ra7 Rd8 33. Bc5 Bd5 34. b4 Rb8 35. Kf2 Rb7 36. Ra1 Kf7 37. Ke3 e5 38. Rd1 Ke6 39. g4 Rd7 40.
Ra1 Bb7 41. Rc1 g6 42. Rg1 f5 43. gxf5+ gxf5 44. Rg8 f4+ 45. Ke2 Kf5 46. Re8 Ba6+ 47.
Ke1 e4 48. Rf8+ Kg4 49. b5 Bb7 50. Bb4 e3 51. Bc3 f3 52. Be5 f2+ 53. Ke2 Bd5 54.
Kxe3 Re7 55. Kd4 Bf7 56. b7 Rxb7 0-1

[Event "*** Titled Tuesday Blitz"]
[Site "Chess.com"]
[Date "2020.05.26"]
[Round "10"]
[White "Morshynska"]
[Black "RobPeresian"]
[Result "0-1"]
[WhiteElo "2161"]
[BlackElo "2306"]
[TimeControl "180+1"]
[EndTime "12:03:48 PDT"]
[Termination "RobPeresian won on time"]

1. e4 c5 2. Nf3 d6 3. c4 e5 4.
Nc3 Nc6 5. g3 g6 6. Bg2 Bg7 7.
d3 Nge7 8. Nh4 O-O 9. f4 exf4 10.
Bxf4 f5 11. O-O h6 12. Nf3 g5 13. Be3 Nd4 14. Bxd4 cxd4 15. Ne2 Nc6 16. Kh1 Be6 17. b3 fxe4 18. dxe4 d3 19. Neg1 Bxa1 20. Qxa1 Qf6 21. Qd1 Qg7 22. Qxd3 Rad8 23. Rd1 Ne5 24. Qe3 Bg4 25. Re1 Nxf3 26. Nxf3 b6 27. Nd4 Rde8 28. h3 Bd7 29. Kh2 Kh8 30. Bf3 Qe5 31. Bg4 Re7 32.
Bxd7 Rxd7 33. Nf5 Rf6 34. Kg2 Rdf7 35. g4 Re6 36. Qd2 Kh7 37. Qd3 Rd7 38. Re2 a6 39. a4 Rb7 40. Qd2 b5 41. axb5 axb5 42. cxb5 Rf6 43.
Qd3 Rxb5 44. Rd2 Rb4 45. Nxd6 Re6 46. Re2 Rxd6 0-1

[Event "*** Titled Tuesday Blitz"]
[Site "Chess.com"]
[Date "2020.05.26"]
[Round "10"]
[White "BogdanBelyakov89"]
[Black "ChristopherYoo"]
[Result "0-1"]
[WhiteElo "2635"]
[BlackElo "2871"]
[TimeControl "180+1"]
[EndTime "12:03:50 PDT"]
[Termination "ChristopherYoo won by resignation"]

1. e4 c5 2. c3 Nf6 3. e5 Nd5 4. Nf3 d6 5. d4 cxd4 6. cxd4 g6 7. Bc4 Nb6 8. Bb3 Bg7 9. h3 O-O 10.
O-O Nc6 11. Qe2 a5 12. a3 a4 13. Ba2 Bf5 14. Nc3 dxe5 15. d5 Nd4 16. Nxd4 exd4 17.
Nb5 Nxd5 18. Rd1 e5 19. Bxd5 Qxd5 20. Nc7 Qb3 21. Nxa8 Rxa8 22. Bg5 Bc2 23. Rd2 d3 24.
Qf3 Qxb2 25. Re1 Qb3 26. Bf6 Qc3 27. Bg5 Qb3 28. Bf6 Qc3 29. Bg5 Rb8 30. Qd5 h6 31. Be3 Qxa3 32. f4 Qb3 33. Qd6 Re8 34. f5 gxf5 35. Bxh6 Qe6 36. Qxe6 Rxe6 37. Bxg7 Kxg7 38. Kf2 f4 39. g3 fxg3+ 40. Kxg3 f5 41. Kf3 Kf6 42.
Ke3 Rd6 43. Rg2 f4+ 44. Kd2 Rd4 45. Reg1 e4 46. Rg6+ Kf7 47. Kc3 Rd8 48. Rg7+ Ke6 49. R1g6+ Kd5 50. Rxb7 Rc8+ 51. Kb2 e3 52. Rb5+ Ke4 53.
Rf6 e2 54. Rb7 Ke3 55. Re7+ Kd2 56. Rxf4 Rb8+ 57. Ka3 e1=Q 58. Rxe1 Kxe1 59. h4 d2 0-1

[Event "*** Titled Tuesday Blitz"]
[Site "Chess.com"]
[Date "2020.05.26"]
[Round "10"]
[White "Piotrek1979"]
[Black "Xeniya2005"]
[Result "1-0"]
[WhiteElo "2403"]
[BlackElo "2279"]
[TimeControl "180+1"]
[EndTime "12:03:51 PDT"]
[Termination "Piotrek1979 won by resignation"]

1. Nf3 d5 2. c4 d4 3. e3 Nc6 4. exd4 Nxd4 5. Nxd4 Qxd4 6. d3 e5 7. Nc3 c6 8. Be3 Qd8 9. Be2 Bf5 10. O-O Be7 11.
Qb3 Qc7 12. Rad1 Nf6 13. d4 exd4 14. Bxd4 O-O 15. Rd2 h6 16. Rfd1 Rfe8 17. g3 Ng4 18. Bf3 Bg5 19. Re2 Rxe2 20. Bxe2 Re8 21. Bf3 Ne5 22. Bg2 b6 23. f4 Bg4 24. Rf1 Nd3 25.
fxg5 Qd7 26. Bxg7 Kxg7 27. gxh6+ Kg8 28. Nd5 cxd5 29. Qxd3 dxc4 30. h7+ Kh8 31. Qxd7 Bxd7 32. Rxf7 Bg4 33. Rf4 Be2 34. Re4 Rxe4 35. Bxe4 b5 36. Kf2 Bh5 37. Ke3 Be8 38. Kd4 a5 39. Kc5 Kg7 40. g4 Kh8 41. g5 Kg7 42. h4 Kh8 43.
a4 bxa4 44. Kxc4 Kg7 45. Kc5 Kh8 46. Kb6 Kg7 47. Kxa5 Kh8 48. Kb4 Kg7 49. Bc2 Bd7 50. Bxa4 Bf5 51. h5 Kxh7 52. Be8 Kg7 53. h6+ Kh7 54.
Kc5 Kh8 55. g6 Kg8 56. Bf7+ Kh8 57. g7+ 1-0

[Event "*** Titled Tuesday Blitz"]
[Site "Chess.com"]
[Date "2020.05.26"]
[Round "10"]
[White "anon569"]
[Black "JulAnt"]
[Result "0-1"]
[WhiteElo "2271"]
[BlackElo "2395"]
[TimeControl "180+1"]
[EndTime "12:03:51 PDT"]
[Termination "JulAnt won by resignation"]

1. e4 c5 2. Nf3 e6 3. d4 cxd4 4.
Nxd4 Nf6 5. Nc3 d6 6. Bg5 h6 7. Bh4 Be7 8. Qd2 Nc6 9. O-O-O O-O 10. Ndb5 d5 11. Bxf6 Bxf6 12. exd5 Bxc3 13. Nxc3 exd5 14.
Nxd5 Be6 15. Bc4 Rc8 16. Bb3 Bxd5 17. Qxd5 Qb6 18. Kb1 Rcd8 19. Qf3 Nd4 20. Qg3 Nxb3 21. axb3 a5 22. Qf3 Qb4 23. Rxd8 Rxd8 24. Rd1 Rxd1+ 25. Qxd1 a4 26. Qd8+ Kh7 27. Qd3+ Kg8 28. bxa4 Qxa4 29. g3 Qc6 30. f3 Qc5 31. Qe2 g6 32. b3 Qg1+ 33. Kb2 Qd4+ 34. c3 Qc5 35. Qe8+ Kg7 36. Qe2 h5 37. f4 Kg8 38. Kc2 Qf5+ 39. Qd3 Qc5 40. Qd8+ Kh7 41. Qd4 Qc6 42. Qd2 Qe4+ 43. Qd3 Qg2+ 44. Qd2 Qe4+ 45. Kb2 Qc6 46. b4 Qc4 47.
Qe3 Kg8 48. Qd2 Kh7 49. Qf2 Kg8 50. Qc2 Kh7 51. Qd2 Kg8 52. Qc2 Kh7 53. Qb3 Qe2+ 54.
Kb1 Qf1+ 55. Ka2 Qe2+ 56. Ka3 Kg8 57. Qc2 Qxc2 0-1

[Event "*** Titled Tuesday Blitz"]
[Site "Chess.com"]
[Date "2020.05.26"]
[Round "10"]
[White "dpopadic"]
[Black "MilanJeremic"]
[Result "0-1"]
[WhiteElo "2355"]
[BlackElo "2245"]
[TimeControl "180+1"]
[EndTime "12:03:52 PDT"]
[Termination "MilanJeremic won by resignation"]

1. e4 c6 2. d4 d5 3. Nd2 a6 4. Ngf3 Bg4 5. c3 Bxf3 6. Qxf3 e6 7. Bd3 Nf6 8. O-O dxe4 9. Nxe4 Nxe4 10. Qxe4 Qd5 11.
Qe2 Be7 12. Re1 Nd7 13. Be4 Qb5 14. Bd3 Qd5 15. Bc4 Qf5 16. Bd2 O-O 17. Bd3 Qf6 18. Rad1 Bd6 19. Qh5 g6 20. Qh3 Rfe8 21. Bc4 Bf4 22.
Be3 Bxe3 23. Rxe3 b5 24. Bb3 Rad8 25. Rde1 Nb6 26. Qg3 Nd5 27. Bxd5 cxd5 28. h4 Qf5 29. Re5 Qc2 30. R5e2 Qf5 31. a3 a5 32. Re5 Qf6 33.
h5 Kg7 34. R1e3 b4 35. axb4 axb4 36. Rf3 Qe7 37. Qf4 bxc3 38. bxc3 f5 39. hxg6 hxg6 40. Rh3 Rh8 41. Rxh8 Rxh8 42. Re1 Kf7 43. f3 Qh4 44. Qxh4 Rxh4 45. Ra1 Rh8 46. Kf2 Rc8 47. Ra3 Kf6 48.
Ke3 g5 49. g3 Rb8 50. Ra7 Rb3 51. Kd3 Rb2 52. g4 f4 53. Ra8 Rf2 54. Rf8+ Ke7 55. Rg8 Rxf3+ 56. Kd2 Kf6 57. Rf8+ Kg7 58. Re8 Re3 59. Ra8 Re4 60. Ra7+ Kf6 61. Ra8 Kg7 62. Ra7+ Kg6 63. Ra8 f3 64. Rf8 Rf4 65. Rxf4 gxf4 66. Ke1 Kg5 67. Kf2 Kxg4 68. Kf1 Kf5 69. Kf2 Ke4 0-1

[Event "*** Titled Tuesday Blitz"]
[Site "Chess.com"]
[Date "2020.05.26"]
[Round "10"]
[White "diablanni"]
[Black "yamalchess"]
[Result "1-0"]
[WhiteElo "2337"]
[BlackElo "2476"]
[TimeControl "180+1"]
[EndTime "12:03:53 PDT"]
[Termination "diablanni won on time"]

1. e4 e5 2. Nf3 Nc6 3. d4 exd4 4. Nxd4 Nf6 5. Nxc6 bxc6 6. e5 Qe7 7. Qe2 Nd5 8. c4 Ba6 9. b3 g5 10. g3 Bg7 11.
Bb2 O-O-O 12. Nd2 Rde8 13. O-O-O Qb4 14. Qf3 Nb6 15. Bh3 Bxe5 16. Bxe5 Rxe5 17. Ne4 Kb8 18. Nf6 Bxc4 19. bxc4 Qxc4+ 20. Kb1 Ra5 21. Rd2 Qb4+ 22. Rb2 Qd4 23. Rd1 Qc4 24. Nxd7+ Kb7 25. Rc1 Qd5 26.
Qxd5 Rxd5 27. Nc5+ Kb8 28. Bg2 Rd6 29. Na6+ Kb7 30. Nb4 a5 31. Nxc6 Kc8 32. Nxa5 Re8 33. Rbc2 Re7 34. Nc4 Nxc4 35. Rxc4 Re5 36. R4c2 Rb5+ 37. Ka1 Kd8 38. Rxc7 Rd2 39. R7c2 Rxc2 40. Rxc2 f5 41. Bf1 Rb4 42. a3 Rb3 43. Ka2 Rb6 44.
a4 Ke7 45. Bb5 Kd6 46. Kb3 Rb8 47. Kb4 f4 48. a5 Ke5 49. a6 Ke4 50. Ka5 Kf3 51.
Bc6+ Kg4 52. a7 Rc8 53. Bd7+ Kf3 54. Bxc8 fxg3 55. hxg3 1-0

[Event "*** Titled Tuesday Blitz"]
[Site "Chess.com"]
[Date "2020.05.26"]
[Round "10"]
[White "pedro_nascimento85"]
[Black "jd001"]
[Result "1/2-1/2"]
[WhiteElo "1883"]
[BlackElo "2154"]
[TimeControl "180+1"]
[EndTime "12:03:53 PDT"]
[Termination "Game drawn by repetition"]

1. d4 e6 2. e4 d5 3. exd5 exd5 4. Nf3 Bd6 5. c4 Nf6 6. c5 Be7 7. Nc3 O-O 8. Be2 b6 9. cxb6 axb6 10. O-O c5 11. Bg5 c4 12. a4 Nc6 13. Ne5 Nb4 14. b3 cxb3 15. Qxb3 Ba6 16. Bxa6 Nxa6 17. Nc6 Qd7 18. Ne5 Qf5 19. Nf3 Bb4 20. Bxf6 Bxc3 21. Qxc3 Qxf6 22. Qb3 Qd6 23. Rac1 Rfc8 24. Ne5 h6 25. h3 Nc7 26. Rc6 Qe7 27. Rxb6 Ne6 28. Rb4 Qa7 29. Qd3 Qa5 30. Rfb1 g6 31. Rb7 Rc7 32.
Rxc7 Qxc7 33. Nf3 Kg7 34. Qb5 Ra5 35. Qb3 Qa7 36. Ra1 g5 37. Qd1 Qb6 38. Ra3 Qb4 39. Qb3 Qd6 40. Qd3 Nf4 41. Qb3 Ra6 42.
a5 Qc6 43. Qa4 Qc1+ 44. Kh2 Qf1 45. Ne1 Qxf2 46. Qb4 Rf6 47. Rf3 Qe2 48. Qc3 Qe4 49. Rxf4 Qxf4+ 50. Kg1 Qf2+ 51. Kh2 Re6 52. Nf3 Qe3 53.
Qc5 Qf4+ 54. Kg1 Re3 55. Kf2 Rxf3+ 56. gxf3 Qd2+ 57. Kg3 Qf4+ 58. Kf2 Qd2+ 59. Kg1 Qf4 60. Kf2 1/2-1/2

[Event "*** Titled Tuesday Blitz"]
[Site "Chess.com"]
[Date "2020.05.26"]
[Round "10"]
[White "attack2mateU"]
[Black "Chigorinetz"]
[Result "1-0"]
[WhiteElo "2687"]
[BlackElo "2520"]
[TimeControl "180+1"]
[EndTime "12:03:55 PDT"]
[Termination "attack2mateU won by resignation"]

1. e4 c5 2. Nf3 Nc6 3. d4 cxd4 4. Nxd4 g6 5. Nc3 Bg7 6. Be3 Nf6 7. Bc4 O-O 8. Bb3 d6 9. f3 Qa5 10. Qd2 Nxd4 11. Bxd4 Be6 12. O-O-O b5 13. Kb1 b4 14. Ne2 Rfc8 15. h4 Rc6 16. Bxe6 fxe6 17. h5 Rac8 18.
hxg6 hxg6 19. c3 e5 20. cxb4 Qa6 21. Bc3 Kf7 22. Qd3 Qb7 23. Rc1 Rc4 24. Bd2 Qb5 25. Rxc4 Rxc4 26. b3 Rxb4 27. Qc3 Ra4 28. Nc1 Ra6 29.
Qd3 Qb7 30. Ne2 Rc6 31. Rc1 Rxc1+ 32. Bxc1 Bf8 33. Nc3 e6 34. Qb5 Qc7 35. Bd2 Be7 36.
g3 Bd8 37. f4 exf4 38. gxf4 Qb6 39. Qxb6 Bxb6 40. Kc2 Bd4 41. Kd3 e5 42. Nb5 Bb6 43.
Nxd6+ Ke6 44. Nc4 exf4 45. Nxb6 axb6 46. Bxf4 Nd7 47. Kd4 Nc5 48. Bc7 Nd7 49. a4 g5 50.
b4 g4 51. a5 bxa5 52. bxa5 Nf8 53. a6 Kd7 54. Bg3 Ne6+ 55. Kd5 Nc7+ 56. Bxc7 Kxc7 57.
Kd4 Kb6 58. e5 Kxa6 59. e6 Kb7 60. e7 Kc7 61. e8=Q Kd6 62. Qe5+ 1-0

[Event "*** Titled Tuesday Blitz"]
[Site "Chess.com"]
[Date "2020.05.26"]
[Round "10"]
[White "profofchess"]
[Black "Fins0905"]
[Result "0-1"]
[WhiteElo "2485"]
[BlackElo "2652"]
[TimeControl "180+1"]
[EndTime "12:03:56 PDT"]
[Termination "Fins0905 won on time"]

1. e4 d5 2. exd5 Qxd5 3. Nc3 Qa5 4. d4 Nf6 5. Nf3 Bf5 6. Ne5 c6 7. g4 Be6 8. h3 Nbd7 9. Nc4 Qd8 10. Bf4 Nd5 11.
Nxd5 Bxd5 12. Rg1 Bxc4 13. Bxc4 e6 14. Qd2 Nb6 15. Bb3 a5 16. a3 Bd6 17. O-O-O O-O 18. Be5 Qc7 19. Qe3 a4 20. Ba2 Nd5 21. Qg3 Bxe5 22.
dxe5 b5 23. c3 Rab8 24. Kb1 Rfd8 25. Ka1 c5 26. Rc1 Nb6 27. f4 Rd2 28. f5 Nc4 29. fxe6 fxe6 30. Rg2 Rxg2 31. Qxg2 Qxe5 32. Qc6 Qd5 33.
Qxd5 exd5 34. Rd1 Rd8 35. Bxc4 bxc4 36. Re1 Kf7 37. Kb1 Re8 38. Rf1+ Ke7 39. Kc2 Kd6 40. Rf7 Re2+ 41. Kc1 Re7 42. Rf8 d4 43. Rd8+ Ke5 44. Rc8 Kd5 45. Ra8 Ke4 46. Rxa4 Kd3 47. Kb1 Re1+ 48. Ka2 dxc3 49. bxc3 Re2+ 50. Kb1 Kxc3 51. Ra5 Kd4 52. Ra8 c3 53. Rd8+ Kc4 54. a4 Kb3 55.
Rb8+ Kxa4 56. Kc1 Rh2 57. Rb7 g5 58. Rxh7 Kb3 59. Rb7+ Kc4 60. Rg7 Kd3 61. Rd7+ Kc4 62. Rg7 Rxh3 63. Rxg5 Kb3 0-1